[ PARTIDA AOE2 · #484286102 ]
1v1 RMFrancos vs Japanese
Equipo del jugador · VICT
Equipo rival · DERR
[ ANÁLISIS DE REPETICIÓN · EXTRAÍDO DE LA PARTIDA GRABADA ]
Feudal
9:29
Castillos
23:18
Imperial
—
| APM promedio | 26.7 |
| APM pico | 55 |
| eAPM promedio | 14.8 |
| Aldeanos / militares | 73 / 71 |
Foco
⚔️ 34.2% · 🌾 65.8%
Skirmisher ×31 · Archer ×24 · Knight ×15 · Spearman ×1
Feudal
9:01
Castillos
22:03
Imperial
—
| APM promedio | 47.1 |
| APM pico | 82 |
| eAPM promedio | 17.6 |
| Aldeanos / militares | 73 / 53 |
Foco
⚔️ 30.8% · 🌾 69.2%
Cavalry Archer ×32 · Skirmisher ×15 · Militia ×3 · Spearman ×3
Mapa de la partida
Recursos al inicio + cada clic de construcción. Línea gruesa = muro · recuadro discontinuo = muro de casas detectado. 🟡 oro · ⚪ piedra · 🟢 bayas · 🔶 jabalí · ⭕ reliquia
Inputs por minuto
— moll - - Tzar Moff
Build order — moll
Primeras 150 de 248 acciones detectadas
| 0:01 | Crear | Villager (Male) |
| 0:02 | Construir | House |
| 0:04 | Construir | House |
| 0:11 | Crear | Villager (Male) |
| 0:14 | Crear | Villager (Male) |
| 0:14 | Crear | Villager (Male) |
| 1:28 | Crear | Villager (Male) |
| 1:51 | Construir | Lumber Camp |
| 2:03 | Crear | Villager (Male) |
| 2:17 | Crear | Villager (Male) |
| 2:47 | Crear | Villager (Male) |
| 3:00 | Construir | House |
| 3:06 | Crear | Villager (Male) |
| 3:32 | Crear | Villager (Male) |
| 3:49 | Crear | Villager (Male) |
| 4:15 | Construir | Mill |
| 4:26 | Crear | Villager (Male) |
| 4:56 | Crear | Villager (Male) |
| 4:58 | Crear | Villager (Male) |
| 5:41 | Crear | Villager (Male) |
| 5:41 | Crear | Villager (Male) |
| 5:42 | Crear | Villager (Male) |
| 5:47 | Crear | Villager (Male) |
| 5:52 | Crear | Villager (Male) |
| 6:09 | Investigar | Loom |
| 6:51 | Construir | Lumber Camp |
| 7:19 | Investigar | Feudal Age |
| 7:35 | Construir | Barracks |
| 8:02 | Crear | Villager (Male) |
| 8:15 | Construir | House |
| 8:19 | Construir | Palisade Wall |
| 9:03 | Construir | Palisade Wall |
| 9:19 | Crear | Villager (Male) |
| 9:29 | Edad | Edad Feudal |
| 9:32 | Construir | Archery Range |
| 9:34 | Crear | Villager (Male) |
| 9:36 | Construir | House |
| 9:40 | Construir | Palisade Wall |
| 9:59 | Crear | Villager (Male) |
| 10:04 | Construir | Palisade Wall |
| 10:26 | Crear | Skirmisher |
| 10:26 | Crear | Skirmisher |
| 10:28 | Crear | Villager (Male) |
| 10:30 | Construir | House |
| 10:32 | Construir | Palisade Wall |
| 10:35 | Construir | House |
| 10:45 | Crear | Villager (Male) |
| 11:45 | Crear | Villager (Male) |
| 12:01 | Crear | Villager (Male) |
| 12:09 | Construir | Mining Camp |
| 12:23 | Construir | Farm |
| 12:23 | Construir | Farm |
| 12:29 | Construir | Archery Range |
| 12:33 | Construir | House |
| 12:34 | Construir | House |
| 12:42 | Construir | Farm |
| 12:46 | Construir | Farm |
| 12:49 | Construir | Farm |
| 13:10 | Crear | Archer |
| 13:10 | Crear | Archer |
| 13:21 | Construir | Farm |
| 13:23 | Crear | Spearman |
| 13:40 | Construir | Farm |
| 13:47 | Crear | Villager (Male) |
| 13:52 | Crear | Archer |
| 13:59 | Construir | Farm |
| 14:03 | Construir | Farm |
| 14:10 | Crear | Villager (Male) |
| 14:18 | Construir | House |
| 14:23 | Construir | Palisade Wall |
| 14:25 | Construir | Palisade Wall |
| 14:28 | Crear | Villager (Male) |
| 14:35 | Crear | Archer |
| 14:41 | Crear | Villager (Male) |
| 14:45 | Construir | Farm |
| 14:51 | Construir | Blacksmith |
| 15:08 | Crear | Archer |
| 15:08 | Crear | Archer |
| 15:15 | Construir | Farm |
| 15:25 | Construir | Farm |
| 15:27 | Crear | Villager (Male) |
| 15:35 | Investigar | Double-Bit Axe |
| 15:53 | Crear | Villager (Male) |
| 16:10 | Crear | Villager (Male) |
| 16:28 | Construir | Farm |
| 16:36 | Investigar | Wheelbarrow |
| 16:42 | Construir | House |
| 16:47 | Construir | Palisade Wall |
| 16:49 | Construir | Palisade Wall |
| 16:50 | Construir | Palisade Wall |
| 17:01 | Crear | Villager (Male) |
| 17:07 | Construir | Palisade Wall |
| 17:09 | Construir | Palisade Wall |
| 17:10 | Construir | Palisade Wall |
| 17:20 | Crear | Archer |
| 17:20 | Crear | Archer |
| 17:24 | Investigar | Gold Mining |
| 17:32 | Crear | Villager (Male) |
| 17:41 | Construir | Building 804 |
| 17:54 | Construir | Archery Range |
| 17:55 | Crear | Villager (Male) |
| 18:01 | Construir | Farm |
| 18:15 | Crear | Villager (Male) |
| 18:29 | Crear | Archer |
| 18:30 | Crear | Archer |
| 18:37 | Investigar | Fletching |
| 18:38 | Investigar | Padded Archer Armor |
| 18:45 | Crear | Villager (Male) |
| 19:09 | Construir | Stable |
| 19:14 | Construir | Palisade Wall |
| 19:17 | Crear | Villager (Male) |
| 19:20 | Construir | Farm |
| 19:23 | Crear | Archer |
| 19:35 | Crear | Archer |
| 19:35 | Crear | Archer |
| 20:06 | Construir | Farm |
| 20:38 | Investigar | Castle Age |
| 20:42 | Construir | Farm |
| 20:48 | Construir | House |
| 21:06 | Crear | Archer |
| 21:06 | Crear | Archer |
| 21:16 | Construir | Stable |
| 21:46 | Crear | Villager (Male) |
| 21:49 | Construir | Farm |
| 21:55 | Investigar | Scale Barding Armor |
| 22:15 | Investigar | Forging |
| 22:33 | Crear | Archer |
| 22:34 | Crear | Archer |
| 22:34 | Crear | Archer |
| 23:18 | Edad | Edad de los Castillos |
| 23:20 | Investigar | Bow Saw |
| 23:21 | Investigar | Crossbowman (upgrade) |
| 23:23 | Investigar | Bodkin Arrow |
| 23:29 | Construir | Town Center |
| 23:35 | Crear | Villager (Male) |
| 23:36 | Crear | Villager (Male) |
| 23:41 | Investigar | Elite Skirmisher (upgrade) |
| 23:43 | Investigar | Forging |
| 23:45 | Crear | Skirmisher |
| 23:46 | Crear | Skirmisher |
| 23:46 | Crear | Skirmisher |
| 23:54 | Crear | Knight |
| 23:54 | Crear | Knight |
| 24:10 | Crear | Villager (Male) |
| 24:17 | Crear | Villager (Male) |
| 24:18 | Crear | Knight |
| 24:32 | Construir | Farm |
| 24:34 | Construir | Farm |
| 24:38 | Investigar | Husbandry |
| 24:43 | Crear | Knight |
Build order — Tzar Moff
Primeras 150 de 203 acciones detectadas
| 0:00 | Crear | Villager (Male) ×4 |
| 0:02 | Construir | House |
| 0:04 | Construir | House |
| 1:26 | Crear | Villager (Male) |
| 1:46 | Construir | Lumber Camp |
| 2:07 | Crear | Villager (Male) |
| 2:18 | Crear | Villager (Male) |
| 2:45 | Crear | Villager (Male) |
| 2:59 | Crear | Villager (Male) |
| 3:25 | Construir | House |
| 3:43 | Crear | Villager (Male) |
| 3:48 | Construir | Mill |
| 4:04 | Crear | Villager (Male) |
| 4:30 | Crear | Villager (Male) |
| 4:45 | Crear | Villager (Male) |
| 5:22 | Crear | Villager (Male) |
| 5:22 | Crear | Villager (Male) |
| 5:23 | Investigar | Loom |
| 5:34 | Construir | Barracks |
| 6:10 | Construir | House |
| 6:41 | Construir | House |
| 6:44 | Crear | Villager (Male) |
| 6:51 | Investigar | Feudal Age |
| 6:59 | Crear | Militia |
| 7:24 | Construir | Mining Camp |
| 7:30 | Crear | Militia |
| 8:26 | Crear | Villager (Male) |
| 8:48 | Crear | Villager (Male) |
| 9:01 | Edad | Edad Feudal |
| 9:11 | Investigar | Man-at-Arms (upgrade) |
| 9:19 | Crear | Villager (Male) |
| 9:30 | Crear | Spearman |
| 9:43 | Construir | Palisade Wall |
| 9:55 | Crear | Villager (Male) |
| 10:00 | Construir | Blacksmith |
| 10:27 | Crear | Villager (Male) |
| 10:32 | Construir | Archery Range |
| 10:36 | Investigar | Double-Bit Axe |
| 10:59 | Construir | House |
| 11:42 | Crear | Villager (Male) |
| 11:43 | Crear | Villager (Male) |
| 11:45 | Construir | Farm |
| 11:45 | Construir | Farm |
| 11:48 | Construir | Palisade Wall |
| 11:52 | Construir | Palisade Wall |
| 11:53 | Crear | Villager (Male) |
| 12:00 | Construir | House |
| 12:08 | Construir | Farm |
| 12:30 | Construir | Farm |
| 12:38 | Construir | House |
| 12:43 | Construir | Building 796 |
| 12:59 | Crear | Villager (Male) |
| 13:01 | Construir | Farm |
| 13:01 | Construir | Farm |
| 13:05 | Construir | Farm |
| 13:23 | Construir | Palisade Wall |
| 13:32 | Crear | Villager (Male) |
| 13:32 | Crear | Villager (Male) |
| 13:39 | Construir | Farm |
| 13:52 | Crear | Skirmisher |
| 13:54 | Investigar | Fletching |
| 13:55 | Crear | Villager (Male) |
| 14:01 | Construir | Farm |
| 14:13 | Crear | Skirmisher |
| 14:25 | Crear | Skirmisher |
| 14:36 | Construir | Farm |
| 14:51 | Crear | Villager (Male) |
| 14:54 | Construir | Lumber Camp |
| 15:00 | Crear | Villager (Male) |
| 15:04 | Crear | Skirmisher |
| 15:08 | Crear | Spearman |
| 15:15 | Construir | Palisade Wall |
| 15:19 | Crear | Villager (Male) |
| 16:03 | Construir | Palisade Wall |
| 16:14 | Crear | Villager (Male) |
| 16:15 | Crear | Villager (Male) |
| 16:17 | Construir | Farm |
| 16:17 | Construir | Farm |
| 16:18 | Construir | Farm |
| 16:18 | Construir | Farm |
| 16:28 | Construir | Farm |
| 16:29 | Crear | Villager (Male) |
| 16:42 | Crear | Skirmisher |
| 16:55 | Construir | Farm |
| 17:01 | Construir | Palisade Wall |
| 17:22 | Construir | Farm |
| 17:26 | Construir | Farm |
| 17:32 | Crear | Villager (Male) |
| 17:41 | Construir | Farm |
| 17:46 | Crear | Skirmisher |
| 17:54 | Crear | Villager (Male) |
| 18:13 | Construir | House |
| 18:15 | Construir | House |
| 18:22 | Construir | Palisade Wall |
| 18:44 | Crear | Villager (Male) |
| 19:06 | Crear | Villager (Male) |
| 19:16 | Construir | Market |
| 19:23 | Investigar | Castle Age |
| 19:33 | Construir | Archery Range |
| 19:48 | Investigar | Arson |
| 19:51 | Investigar | Scale Mail Armor |
| 20:09 | Crear | Skirmisher |
| 20:10 | Crear | Skirmisher |
| 20:10 | Crear | Villager (Male) |
| 20:31 | Construir | Stable |
| 20:35 | Crear | Skirmisher |
| 20:35 | Crear | Skirmisher |
| 20:43 | Crear | Villager (Male) |
| 20:56 | Investigar | Gold Mining |
| 20:59 | Investigar | Horse Collar |
| 21:05 | Crear | Villager (Male) |
| 21:08 | Construir | House |
| 21:20 | Investigar | Padded Archer Armor |
| 21:26 | Crear | Militia |
| 21:48 | Crear | Skirmisher |
| 21:48 | Crear | Skirmisher |
| 21:49 | Crear | Villager (Male) |
| 22:00 | Investigar | Bloodlines |
| 22:03 | Edad | Edad de los Castillos |
| 22:09 | Crear | Cavalry Archer |
| 22:10 | Crear | Cavalry Archer |
| 22:15 | Investigar | Bodkin Arrow |
| 22:15 | Investigar | Bodkin Arrow |
| 22:25 | Crear | Villager (Male) |
| 22:35 | Crear | Cavalry Archer |
| 22:35 | Crear | Cavalry Archer |
| 22:42 | Construir | House |
| 22:52 | Crear | Villager (Male) |
| 22:53 | Crear | Villager (Male) |
| 23:00 | Construir | Farm |
| 23:13 | Investigar | Husbandry |
| 23:15 | Crear | Cavalry Archer |
| 23:23 | Crear | Cavalry Archer |
| 23:38 | Crear | Cavalry Archer |
| 23:39 | Crear | Villager (Male) |
| 23:56 | Crear | Villager (Male) |
| 24:07 | Crear | Cavalry Archer |
| 24:08 | Crear | Cavalry Archer |
| 24:22 | Crear | Villager (Male) |
| 24:26 | Construir | Lumber Camp |
| 24:35 | Crear | Villager (Male) |
| 24:55 | Construir | University |
| 25:00 | Crear | Villager (Male) |
| 25:15 | Crear | Cavalry Archer |
| 25:16 | Crear | Cavalry Archer |
| 25:37 | Investigar | Leather Archer Armor |
| 25:45 | Crear | Villager (Male) |
| 25:45 | Crear | Villager (Male) |
| 25:53 | Crear | Villager (Male) |
| 25:53 | Crear | Villager (Male) |
Cronología de la partida
| 5:34 | Tzar Moff · first_building Barracks |
| 7:35 | moll · first_building Barracks |
| 8:19 | moll · wall_segment Palisade Wall x4 |
| 9:01 | Tzar Moff · age_up feudal |
| 9:03 | moll · wall_segment Palisade Wall x7 |
| 9:29 | moll · age_up feudal |
| 9:32 | moll · first_building Archery Range |
| 9:40 | moll · wall_segment Palisade Wall x5 |
| 9:43 | Tzar Moff · wall_segment Palisade Wall x18 |
| 10:04 | moll · wall_segment Palisade Wall x1 |
| 10:32 | Tzar Moff · first_building Archery Range |
| 10:32 | moll · wall_segment Palisade Wall x1 |
| 11:48 | Tzar Moff · wall_segment Palisade Wall x7 |
| 11:52 | Tzar Moff · wall_segment Palisade Wall x5 |
| 13:23 | Tzar Moff · wall_segment Palisade Wall x14 |
| 14:23 | moll · wall_segment Palisade Wall x11 |
| 14:25 | moll · wall_segment Palisade Wall x4 |
| 15:15 | Tzar Moff · wall_segment Palisade Wall x6 |
| 16:03 | Tzar Moff · wall_segment Palisade Wall x1 |
| 16:47 | moll · wall_segment Palisade Wall x7 |
| 16:49 | moll · wall_segment Palisade Wall x5 |
| 16:50 | moll · wall_segment Palisade Wall x1 |
| 17:01 | Tzar Moff · wall_segment Palisade Wall x3 |
| 17:07 | moll · wall_segment Palisade Wall x4 |
| 17:09 | moll · wall_segment Palisade Wall x5 |
| 17:10 | moll · wall_segment Palisade Wall x5 |
| 18:22 | Tzar Moff · wall_segment Palisade Wall x9 |
| 19:09 | moll · first_building Stable |
| 19:14 | moll · wall_segment Palisade Wall x1 |
| 20:31 | Tzar Moff · first_building Stable |
| 22:03 | Tzar Moff · age_up castle |
| 23:18 | moll · age_up castle |
| 25:25 | Tzar Moff · first_market_sell 100 food |
| 26:36 | Tzar Moff · first_building Siege Workshop |
| 27:52 | Tzar Moff · first_market_buy 100 wood |
| 33:38 | Tzar Moff · resign |
[ ANÁLISIS IA · 1 CRÉDITO ]
¿Qué pasó realmente en esta partida?
Wolo.gg analiza cada decisión: build order, eco, micro, errores típicos por bracket. Análisis personalizado por WhatsApp o Discord en 30 segundos.
Guía civ
Francos
Guía mapa
Arabia
Perfil
moll